 Dungeon Crawl Stone Soup version 0.21.1-1-g345015fe64 (webtiles) character file.

4326 Gargoyl the Cleaver (level 10, -6/83 HPs)
             Began as a Centaur Abyssal Knight on June 8, 2018.
             Was a High Priest of Lugonu.
             Mangled by Grum
             ... wielding a -1 spear of freezing
              (20 damage)
             ... on level 8 of the Dungeon.
             The game lasted 00:13:39 (8303 turns).

Gargoyl the Cleaver (Centaur Abyssal Knight)        Turns: 8303, Time: 00:13:40

Health: -6/83      AC: 18    Str: 16    XL:     10   Next: 11%
Magic:  15/15      EV:  8    Int: 11    God:    Lugonu [*****.]
Gold:   401        SH:  3    Dex: 11    Spells: 9/9 levels left

rFire    . . .     SeeInvis .   n - +2 broad axe (chop)
rCold    + . .     Gourm    .   C - +0 buckler
rNeg     . . .     Faith    .   f - +0 chain mail
rPois    .         Spirit   .   E - +2 helmet
rElec    .         Reflect  .   d - +2 cloak
rCorr    .         Harm     .   m - +2 pair of gloves
MR       .....                  (no barding)
Stlth    ..........             j - amulet of rage
HPRegen  0.23/turn              k - +4 ring of evasion
MPRegen  0.14/turn              o - ring of protection from cold

@: drained, very quick
A: large, hooves 3, deformed body, speed 2, tough skin 3
a: Depart the Abyss, Bend Space, Banish, Corrupt, Enter the Abyss, Renounce
Religion, Evoke Berserk Rage


You were on level 8 of the Dungeon.
You worshipped Lugonu.
Lugonu was extremely pleased with you.
You were not hungry.

You visited 1 branch of the dungeon, and saw 8 of its levels.
You visited the Abyss 1 time.

You collected 401 gold pieces.

Inventory:

Hand Weapons
 a - a +2 hand axe
 n - a +2 broad axe of chopping (weapon)
Missiles
 q - 10 tomahawks (quivered)
Armour
 d - a +2 cloak (worn)
 f - a +0 chain mail (worn)
 m - a +2 pair of gloves (worn)
 C - a +0 buckler (worn)
 E - a +2 helmet (worn)
Jewellery
 j - an amulet of rage (around neck)
 k - a +4 ring of evasion (left hand)
 o - a ring of protection from cold (right hand)
Wands
 i - a wand of iceblast (11)
 s - a wand of flame (9)
 z - a wand of polymorph (16)
Scrolls
 e - a scroll of amnesia
 t - 3 scrolls of remove curse
 v - a scroll of fog
 w - a scroll of teleportation
 x - 2 scrolls of magic mapping
 y - 2 scrolls of identify
Potions
 b - a potion of haste
 g - 2 potions of heal wounds
 h - a potion of agility
 l - a potion of cancellation {unknown}
 p - a potion of curing {unknown}
 r - a potion of lignification {unknown}
 B - 2 potions of invisibility {unknown}
 D - a potion of magic {unknown}
Books
 u - a book of Flames

   Spells                             Type                      Level
   a - Flame Tongue                   Conjuration/Fire             1
   b - Throw Flame                    Conjuration/Fire             2
   c - Conjure Flame                  Conjuration/Fire             3
   d - Inner Flame                    Hexes/Fire                   3
   e - Sticky Flame                   Conjuration/Fire             4
   f - Fireball                       Conjuration/Fire             5
 A - a book of Changes

   Spells                             Type                      Level
   a - Beastly Appendage              Transmutation                1
   b - Sticks to Snakes               Transmutation                2
   c - Spider Form                    Transmutation/Poison         3
   d - Ice Form                       Ice/Transmutation            4
   e - Blade Hands                    Transmutation                5
Comestibles
 c - 7 rations


   Skills:
 + Level 5.9(5.1) Fighting
 + Level 8.7(7.8) Axes
 + Level 0.7(0.0) Throwing
 * Level 5.8(4.9) Armour
 + Level 2.0(1.2) Dodging
 + Level 0.8(0.1) Shields
 * Level 7.1(6.3) Invocations
 + Level 0.1(0.0) Evocations


You had 9 spell levels left.
You didn't know any spells.

Dungeon Overview and Level Annotations

Branches:
Dungeon (8/15)             Temple (0/1) D:5
   Lair: D:8-11

Altars:
Fedhas
Hepliaklqana
Kikubaaqudgha
Ru
Uskayaw
Xom

Shops:
D:5 [

Annotations:
D:8 Grum


Innate Abilities, Weirdness & Mutations

You have hooves in place of feet.
Armour fits poorly on your strangely shaped body.
You cover ground very quickly.
You have extremely tough skin. (AC +3)


Message History

The wight hits you from afar with an enchanted halberd.
The wight hits you with a falchion.
You feel drained. Grum barely misses you.
Unknown command.
You barely miss Grum. You kick Grum!
Grum is severely wounded.
You hit the wight but do no damage. You block Grum's attack.
The wight barely misses you. x2; Grum hits you with a spear of freezing!
* * * LOW HITPOINT WARNING * * *
Unknown command.
You hit Grum. You kick Grum!
Grum is almost dead.
You closely miss the wight. Grum hits you with a spear of freezing.
* * * LOW HITPOINT WARNING * * *
The wight hits you from afar with an enchanted halberd!
* * * LOW HITPOINT WARNING * * *
You feel drained.
* * * LOW HITPOINT WARNING * * *
The wight closely misses you.
Grum hits you with a spear of freezing!!
You die...

......... ....#
......... .....
.....#..##$...#
........#....?.
..............#
#.#..........#
#....z<.......
##.....z.....#.
.......@g......
...#.#..##.....
#. #.#... .....
# # #.### ..#.
.. ... .#. .#.
##. #<


You could see Grum (berserk) and 2 wights.

Vanquished Creatures
  A centaur skeleton (D:7)
  Prince Ribbit (D:7)
  Eustachio (D:6)
  A hungry ghost (D:7)
  Menkaure (D:7)
  2 phantoms (D:7)
  3 sky beasts
  2 ice beasts (D:7)
  4 ogres (D:5)
  A necrophage (D:7)
  2 wolves (D:7)
  3 centaurs
  A crocodile (D:7)
  7 big kobolds
  A bullfrog (D:7)
  2 scorpions
  The ghost of Tali the Covered, a weakling MiFi (D:3)
  9 wights
  A howler monkey (D:5)
  A bullfrog zombie (D:7)
  A centaur zombie (D:5)
  3 hounds
  6 orc wizards
  A bullfrog skeleton (D:2)
  A jelly (D:6)
  2 orc priests (D:3)
  A worker ant (D:4)
  Natasha (thrice) (D:4)
  An iguana (D:4)
  A hound skeleton (D:6)
  9 gnolls
  A worker ant zombie (D:5)
  9 adders
  2 shadow imps
  2 oozes (D:4)
  4 worms
  A dart slug (D:1)
  5 leopard geckos
  19 orcs
  3 ball pythons
  7 bats
  5 giant cockroaches
  10 hobgoblins
  6 jackals (D:3)
  38 kobolds
  2 quokkas
  6 frilled lizards
  5 goblins
  A quokka skeleton (D:4)
  9 rats
209 creatures vanquished.

Notes
Turn   | Place    | Note
-------+----------+-------------------------------------------
     0 | Abyss:1  | Gargoyl the Centaur Abyssal Knight began the quest for the Orb.
     0 | Abyss:1  | Reached XP level 1. HP: 19/19 MP: 2/2
   146 | Abyss:1  | Found a corrupted altar of Lugonu.
   150 | Abyss:1  | Noticed a thrashing horror
   150 | Abyss:1  | Noticed a quasit
   153 | Abyss:1  | Noticed a small abomination
   175 | Abyss:2  | Noticed a small abomination
   175 | D:1      | Escaped the Abyss
   358 | D:1      | Reached * piety under Lugonu
   410 | D:1      | Reached XP level 2. HP: 26/26 MP: 3/3
   504 | D:1      | Reached skill level 2 in Axes
  1163 | D:2      | Reached XP level 3. HP: 29/31 MP: 4/4
  1476 | D:2      | Reached XP level 4. HP: 35/39 MP: 5/5
  1835 | D:3      | Reached ** piety under Lugonu
  1882 | D:3      | Noticed a big kobold
  1882 | D:3      | Noticed Tali's ghost (weakling MiFi)
  1887 | D:3      | Noticed a big kobold
  2275 | D:3      | Reached XP level 5. HP: 30/46 MP: 5/7
  2501 | D:3      | Reached skill level 3 in Axes
  2723 | D:3      | Found a sacrificial altar of Ru.
  2784 | D:3      | Reached skill level 1 in Dodging
  2904 | D:3      | Reached XP level 6. HP: 52/52 MP: 8/8
  3094 | D:3      | Reached *** piety under Lugonu
  3094 | D:3      | Reached skill level 4 in Axes
  3242 | D:3      | Reached XP level 7. HP: 53/59 MP: 9/9
  3423 | D:3      | Killed Tali's ghost
  4082 | D:4      | Reached skill level 5 in Axes
  4172 | D:4      | Noticed Natasha
  4182 | D:4      | Killed Natasha
  4354 | D:4      | Noticed Natasha
  4366 | D:4      | Killed Natasha
  4585 | D:4      | Noticed Natasha
  4594 | D:4      | Killed Natasha
  4917 | D:5      | Entered Level 5 of the Dungeon
  4977 | D:5      | Reached XP level 8. HP: 51/67 MP: 11/11
  5249 | D:5      | Found an ancient bone altar of Kikubaaqudgha.
  5292 | D:5      | Reached **** piety under Lugonu
  5412 | D:5      | Found Kuimufub's Antique Armour Emporium.
  5474 | D:5      | Reached skill level 5 in Fighting
  5474 | D:5      | Reached skill level 6 in Axes
  5475 | D:5      | Reached skill level 5 in Invocations
  5727 | D:5      | Found the +3 sling "Punk" {acid, rCorr}
  5890 | D:5      | Found a staircase to the Ecumenical Temple.
  6206 | D:6      | Reached XP level 9. HP: 74/74 MP: 13/13
  6217 | D:6      | Reached skill level 7 in Axes
  6228 | D:6      | Noticed Eustachio
  6256 | D:6      | Killed Eustachio
  6462 | D:6      | Found a hazy altar of Hepliaklqana.
  6502 | D:6      | Found a hide-covered altar of Uskayaw.
  6861 | D:7      | Noticed Prince Ribbit
  6878 | D:7      | Killed Prince Ribbit
  6947 | D:7      | Reached skill level 5 in Armour
  7285 | D:7      | Reached skill level 8 in Axes
  7370 | D:7      | Noticed Menkaure
  7381 | D:7      | Killed Menkaure
  7725 | D:7      | Found a blossoming altar of Fedhas.
  7733 | D:7      | Reached ***** piety under Lugonu
  7749 | D:7      | Reached XP level 10. HP: 67/83 MP: 15/15
  7940 | D:7      | Found a shimmering altar of Xom.
  7940 | D:7      | Found a shimmering altar of Xom.
  7942 | D:7      | Found a shimmering altar of Xom.
  7942 | D:7      | Found a shimmering altar of Xom.
  7950 | D:7      | Found a shimmering altar of Xom.
  8023 | D:8      | Noticed Grum
  8303 | D:8      | Mangled by Grum

Skill      XL: |  1  2  3  4  5  6  7  8  9 |
---------------+----------------------------+-----
Axes           | 2 3 4 5 6 8 |  8.7
Armour         | 2 3 4 5 |  5.8
Dodging        | 1 2 |  2.0
Invocations    | 3 4 5 7 |  7.1
Fighting       | 4 5 |  5.9
Throwing       | |  0.7
Shields        | |  0.8
Evocations     | |  0.1

Action                   |  1- 3 |  4- 6 |  7- 9 | 10-12 || total
-------------------------+-------+-------+-------+-------++-------
Melee: Hand axe          |   113 |   157 |       |       ||   270
       Kick              |    15 |    35 |    81 |    14 ||   145
       Broad axe         |       |     4 |   407 |    44 ||   455
Throw: Tomahawk          |       |       |     7 |       ||     7
Invok: Depart the Abyss  |     1 |       |       |       ||     1
Evoke: Wand              |       |       |     2 |       ||     2
  Use: Scroll            |     4 |     6 |     8 |       ||    18
       Potion            |       |     2 |     2 |       ||     4
  Eat: Chunk             |       |     2 |    10 |     2 ||    14
       Ration            |       |     1 |     1 |     1 ||     3
Armor: Chain mail        |   113 |   123 |   303 |    45 ||   584
Dodge: Dodged            |    30 |    55 |   206 |    36 ||   327
Block: Buckler           |       |       |    20 |    11 ||    31
